Map: Tours du crépuscule

Players

Devotee - Winner!

  • Race: Protoss Protoss
  • League: Gold

Worming

  • Race: Zerg Zerg
  • League: Platinum

VOD

Have the link to the VOD?

Description

Time

  • Played on: Nov. 11, 2015, 12:18 p.m.
  • Length: 17:36
Show
View Real Time Build Order
Export as new Build Order

Devotee Protoss - Winner!

Build Orders: 1 Gate Expand 

Get SALT Encoding   

  12  0:01  Probe (Chrono Boost)  
  13  0:11  Probe (Chrono Boost)  
  14  0:18  Pylon  
  14  0:22  Probe (Chrono Boost)  
  15  0:36  Probe (Chrono Boost)  
  15  0:37  Gateway  
  16  0:47  Probe (Chrono Boost), Assimilator  
  17  0:57  Probe (Chrono Boost)  
  17  1:00  Pylon  
  18  1:08  Probe (Chrono Boost)  
  19  1:18  Probe (Chrono Boost)  
  20  1:34  Nexus  
  20  1:38  Probe (Chrono Boost)  
  21  1:44  Pylon  
  21  1:54  Cybernetics Core  
  21  1:57  Assimilator  
  21  1:59  Probe (Chrono Boost)  
  22  2:10  Probe (Chrono Boost)  
  22  2:15  Pylon  
  23  2:20  Probe (Chrono Boost)  
  24  2:31  Probe (Chrono Boost)  
  25  2:38  Adept (Chrono Boost)  
  25  2:42  Mothership Core (Chrono Boost)  
  29  2:46  Warp Gate (Chrono Boost)  
  29  2:48  Probe (Chrono Boost)  
  30  2:59  Probe (Chrono Boost)  
  30  3:01  Probe (Chrono Boost), Forge  
  30  3:02  Gateway  
  32  3:11  Probe (Chrono Boost)  
  32  3:12  Adept  
  34  3:25  Probe (Chrono Boost)  
  35  3:33  Probe (Chrono Boost)  
  36  3:35  Probe (Chrono Boost)  
  36  3:36  Protoss Ground Weapons Level 1 (Chrono Boost)  
  37  3:43  Probe  
  37  3:45  Pylon  
  37  3:47  Probe  
  39  3:52  Sentry x2  
  39  3:53  Probe  
  44  4:00  Nexus  
  44  4:01  Probe  
  45  4:04  Probe  
  44  4:13  Gateway  
  44  4:15  Gateway  
  44  4:18  Probe  
  44  4:19  Probe  
  46  4:31  Probe x2, Robotics Facility  
  48  4:42  Probe  
  48  4:43  Probe  
  50  4:48  Adept  
  50  4:49  Adept  
  46  5:09  Probe  
  46  5:10  Probe x2  
  46  5:13  Adept x3  
  53  5:20  Probe  
  53  5:21  Observer  
  54  5:22  Probe  
  54  5:24  Assimilator  
  54  5:25  Assimilator  
  54  5:28  Probe  
  56  5:29  Pylon  
  56  5:30  Probe, Pylon  
  56  5:32  Pylon  
  56  5:33  Sentry  
  56  5:34  Sentry x3  
  56  5:35  Probe  
  67  5:40  Probe  
  67  5:41  Probe  
  69  5:47  Probe  
  69  5:48  Warp Prism  
  69  5:49  Assimilator  
  72  5:50  Probe  
  72  5:51  Probe  
  72  5:54  Assimilator  
  74  5:59  Probe, Stalker  
  74  6:00  Stalker  
  74  6:01  Protoss Ground Armor Level 1 (Chrono Boost), Probe  
  74  6:02  Probe  
  81  6:11  Probe x2  
  82  6:12  Probe  
  84  6:22  Probe  
  84  6:23  Probe x2  
  84  6:24  Gateway  
  87  6:26  Stalker x3  
  87  6:31  Stalker  
  87  6:32  Probe  
  95  6:33  Probe  
  95  6:35  Probe  
  98  6:47  Probe  
  98  6:50  Pylon  
  98  6:52  Pylon  
  99  6:54  Pylon  
  99  6:57  Zealot  
  101  7:08  Probe  
  101  7:09  Photon Cannon, Immortal (Chrono Boost)  
  101  7:11  Photon Cannon  
  101  7:12  Zealot x3  
  101  7:14  Photon Cannon  
  112  7:15  Zealot  
  112  7:22  Gateway  
  114  7:32  Stalker x3  
  114  7:33  Stalker  
  122  7:47  Zealot  
  122  7:50  Probe  
  125  7:54  Pylon  
  125  7:56  Pylon  
  125  7:58  Pylon, Immortal (Chrono Boost)  
  125  8:00  Pylon  
  125  8:13  Robotics Bay  
  125  8:16  Gateway  
  125  8:17  Robotics Facility  
  125  8:19  Robotics Facility, Twilight Council, Stalker x4  
  133  8:23  Probe  
  134  8:36  Zealot  
  134  8:37  Zealot  
  134  8:48  Immortal  
  134  9:04  Nexus, Pylon  
  134  9:07  Adept x5, Pylon  
  140  9:23  Gateway  
  137  9:26  Photon Cannon  
  137  9:27  Gateway  
  137  9:28  Gateway, Photon Cannon, Immortal  
  141  9:31  Gateway  
  141  9:33  Disruptor  
  144  9:41  Protoss Ground Weapons Level 2 (Chrono Boost)  
  144  9:44  Forge  
  144  9:51  Zealot  
  144  9:52  Zealot  
  148  9:54  Zealot x2  
  152  10:06  Stalker  
  146  10:10  Assimilator, Disruptor  
  146  10:11  Assimilator, Disruptor x2  
  155  10:19  Pylon  
  155  10:22  Pylon  
  155  10:25  Probe  
  156  10:29  Probe x3  
  159  10:36  Probe  
  159  10:40  Photon Cannon  
  159  10:41  Photon Cannon  
  160  10:42  Photon Cannon  
  160  10:46  Photon Cannon  
  160  10:47  Observer x3  
  163  11:08  Disruptor x3  
  150  11:24  Stalker x7  
  152  11:26  Stalker x2  
  148  11:35  Stalker  
  142  11:41  Mothership Core  
  142  11:43  Disruptor x2  
  144  11:54  Photon Cannon  
  144  11:56  Photon Cannon  
  144  11:57  Protoss Ground Armor Level 2 (Chrono Boost)  
  144  11:59  Photon Cannon  
  144  12:00  Pylon  
  144  12:03  Protoss Ground Weapons Level 3 (Chrono Boost)  
  144  12:04  Pylon, Stalker  
  144  12:05  Pylon, Stalker x2  
  149  12:19  Stalker x2  
  149  12:20  Stalker  
  132  12:39  Stalker x2  
  132  12:40  Stalker x4  
  132  12:41  Stalker x2  
  148  12:46  Blink (Chrono Boost)  
  148  12:51  Stalker x2  
  151  13:08  Stalker x2  
  151  13:09  Stalker x3  
  151  13:10  Stalker  
  163  13:13  Observer (Chrono Boost)  
  163  13:14  Observer x2 (Chrono Boost)  
  166  13:25  Stalker  
  168  13:32  Warp Prism (Chrono Boost)  
  168  13:34  Nexus  
  170  13:35  Pylon  
  170  13:49  Stalker x4  
  170  13:50  Stalker x4  
  168  14:10  Stalker x3  
  171  14:25  Stalker x5  
  171  14:26  Stalker x3  
  187  14:42  Dark Shrine  
  187  14:44  Photon Cannon x2  
  183  14:46  Disruptor (Chrono Boost)  
  186  14:55  Zealot x3  
  186  14:58  Zealot  
  194  15:00  Zealot  
  194  15:04  Zealot  
  198  15:28  Assimilator  
  198  15:32  Assimilator  
  198  15:33  Pylon  
  198  15:36  Pylon  
  198  15:38  Pylon  
  192  15:46  Nexus  
  176  16:22  Disruptor x2 (Chrono Boost)  
  176  16:24  Zealot x4  
  176  16:25  Zealot x4  
  196  16:26  Stalker  
  200  16:38  Disruptor (Chrono Boost)  
  177  16:50  Pylon  
  177  16:51  Pylon, Disruptor x2 (Chrono Boost)  
  177  16:53  Assimilator  
  179  16:54  Dark Templar  
  179  16:55  Dark Templar x5  
  179  16:58  Assimilator  
  189  17:14  Photon Cannon  
Show
View Real Time Build Order
Export as new Build Order

Worming Zerg 

Build Orders: Hatch First, Lurkers 

Get SALT Encoding   

  12  0:01  Drone  
  13  0:12  Overlord  
  13  0:17  Drone  
  14  0:30  Drone x2  
  16  0:38  Drone  
  17  0:53  Hatchery  
  17  0:56  Drone  
  17  1:02  Drone  
  18  1:12  Spawning Pool  
  18  1:16  Drone  
  18  1:27  Drone  
  19  1:34  Overlord  
  19  1:58  Extractor  
  19  2:00  Hatchery  
  17  2:01  Drone x3  
  17  2:05  Queen  
  22  2:16  Drone  
  23  2:25  Queen  
  25  2:31  Zergling x4  
  27  2:49  Drone x5  
  32  2:54  Overlord  
  32  3:07  Queen, Metabolic Boost  
  32  3:12  Drone  
  35  3:14  Drone x2  
  36  3:21  Zergling x4  
  36  3:25  Roach Warren  
  37  3:32  Zergling x4  
  37  3:33  Zergling x2  
  40  3:37  Queen  
  40  3:40  Drone x2  
  43  3:54  Drone x3  
  46  3:56  Drone x3  
  46  3:57  Overlord  
  49  4:11  Drone  
  50  4:17  Lair  
  50  4:18  Zergling x2  
  50  4:19  Zergling x14  
  58  4:37  Overlord  
  58  4:50  Overlord x3  
  49  5:11  Roach  
  49  5:12  Roach x7  
  61  5:23  Drone x3, Extractor  
  61  5:24  Drone x5  
  61  5:28  Queen  
  68  5:32  Hatchery  
  68  5:34  Drone  
  70  5:43  Zergling x2  
  70  5:44  Zergling x4  
  73  5:52  Drone  
  73  5:54  Drone x3, Extractor  
  73  5:55  Drone  
  73  5:57  Drone x3  
  80  6:03  Ravager x2  
  82  6:05  Zergling x2  
  82  6:06  Zergling x8  
  87  6:15  Drone x3  
  90  6:24  Hatchery  
  89  6:30  Extractor x2  
  89  6:31  Drone x3  
  90  6:33  Overlord x5  
  90  6:39  Extractor  
  88  6:48  Drone x3  
  88  6:49  Drone x3  
  88  6:50  Drone x2, Hydralisk Den  
  95  6:58  Ravager x3  
  95  6:59  Zergling x4  
  95  7:00  Zergling x16  
  108  7:06  Glial Reconstitution  
  108  7:16  Drone x5  
  108  7:19  Lurker Den  
  113  7:24  Evolution Chamber  
  113  7:25  Evolution Chamber  
  110  7:41  Overlord  
  110  7:46  Roach  
  110  7:47  Zergling x6, Roach x8  
  110  7:48  Zergling x4  
  110  7:50  Extractor  
  132  7:54  Extractor  
  131  8:01  Drone x2  
  131  8:02  Drone x3  
  131  8:03  Drone, Overlord x4  
  135  8:13  Overlord  
  135  8:14  Spore Crawler, Overlord, Pneumatized Carapace  
  135  8:16  Overlord, Overseer  
  135  8:19  Zerg Missile Weapons Level 1, Zerg Ground Armor Level 1  
  134  8:20  Hydralisk x3  
  134  8:21  Hydralisk  
  134  8:25  Drone  
  134  8:26  Drone x4  
  147  8:32  Overlord  
  142  8:52  Spine Crawler  
  141  9:04  Muscular Augments  
  141  9:05  Hydralisk  
  141  9:06  Hydralisk x6  
  141  9:08  Hatchery, Spire  
  141  9:09  Overseer  
  146  9:20  Drone x2  
  146  9:23  Overlord  
  148  9:40  Roach x7, Hydralisk  
  148  9:41  Roach, Hydralisk x5  
  148  9:45  Infestation Pit  
  168  10:07  Lurker x8  
  168  10:08  Lurker, Hydralisk  
  168  10:09  Hydralisk x2  
  168  10:10  Zergling x6  
  185  10:20  Drone x7  
  192  10:34  Mutalisk, Extractor  
  192  10:35  Mutalisk x3  
  197  10:39  Zerg Missile Weapons Level 2  
  199  10:45  Zerg Ground Armor Level 2  
  171  11:36  Drone x5  
  171  11:39  Mutalisk x2  
  174  11:40  Mutalisk x2  
  174  11:42  Zergling x4  
  174  11:43  Zergling x14, Roach x3  
  174  11:44  Roach  
  199  11:59  Zergling x2  
  200  12:13  Hatchery  
  139  12:35  Hydralisk x4  
  139  12:36  Roach, Hydralisk x3  
  149  12:37  Roach x7  
  149  12:40  Lurker  
  149  12:41  Lurker x5  
  167  12:50  Hive  
  167  12:51  Zergling x18  
  136  13:07  Roach x3  
  136  13:08  Roach x6  
  154  13:15  Extractor  
  153  13:23  Lurker x3  
  153  13:24  Lurker  
  153  13:25  Roach, Hydralisk  
  153  13:26  Roach x5, Hydralisk x5  
  131  14:08  Roach x8, Hydralisk x8  
  131  14:09  Roach, Hydralisk x2  
  151  14:10  Roach x2  
  141  14:18  Greater Spire  
  141  14:20  Tunneling Claws  
  141  14:21  Burrow  
  138  14:34  Roach, Hydralisk  
  138  14:35  Roach x3, Hydralisk x5  
  138  14:36  Overlord  
  158  14:45  Lurker x2  
  158  14:46  Lurker x2  
  158  14:49  Zergling x2  
  159  14:54  Drone x8  
  159  15:28  Zergling x2  
  160  15:35  Roach x7, Hydralisk x7  
  169  15:36  Hydralisk x2  
  179  15:47  Hatchery  
  179  15:49  Mutalisk  
  180  15:50  Mutalisk  
  164  16:19  Mutalisk x3  
  159  16:39  Roach, Hydralisk x6  
  160  16:51  Drone x3  
  160  16:52  Drone x8  
  171  16:56  Lurker x3  
  171  16:57  Lurker  
  179  17:20  Overseer  
Tags
 
Add a new tag
Caveats
  • Supply blocks, unpowered buildings, or Contaminate may cause inaccurate times.
  • Supply counts are checked every 10 seconds.